 Dungeon Crawl Stone Soup version 0.32-a0-422-g28b100f618 (webtiles) character file.

Game seed: 6510903072885394254

7 Bravepunisher the Ducker (level 1, -2/11 HPs)
             Began as a Spriggan Monk on Feb 21, 2024.
             Killed by nerve-wracking pain
             ... invoked by a shadow imp
              (12 damage)
             ... on level 6 of the Dungeon.
             The game lasted 00:01:51 (474 turns).

Bravepunisher the Ducker (Spriggan Monk)             Turns: 474, Time: 00:01:52

Health: -2/11      AC:  2    Str:  7    XL:     1   Next: 83%
Magic:  2/2        EV: 19    Int: 11    God:
Gold:   21         SH:  0    Dex: 17    Spells: 0/0 levels left

rFire   . . .        a - +0 short sword
rCold   . . .        (no shield)
rNeg    . . .        b - +0 robe
rPois   .            (helmet restricted)
rElec   .            (no cloak)
rCorr   .            (gloves unavailable)
SInv    +            (boots unavailable)
Will    .....        (no amulet)
Stlth   ++           (no ring)
HPRegen 0.21/turn    (no ring)
MPRegen 0.08/turn

%: no passive effects
@: very quick
A: very small, no large weapons, unfitting armour, see invisible, speed 3
a: no special abilities


You were on level 6 of the Dungeon.
You visited 1 branch of the dungeon, and saw 7 of its levels.

You collected 21 gold pieces.

Inventory:

Hand Weapons
 a - a +0 short sword (weapon)
Armour
 b - a +0 robe (worn)
Scrolls
 d - 2 scrolls of noise {unknown}
Potions
 c - a potion of ambrosia
 e - a potion of might {unknown}


   Skills:
 + Level 2.5 Fighting
 - Level 3.2 Short Blades
 * Level 4.4 Dodging


You couldn't memorise any spells.
You didn't know any spells.
Your spell library was empty.

Dungeon Overview and Level Annotations

Branches:
Dungeon (7/15)
 Temple: D:4-7

Altars:
Sif Muna


Innate Abilities, Weirdness & Mutations

You are very small and have problems with some larger weapons.
You are too small for most types of armour.
You have supernaturally acute eyesight. (SInv)
You cover ground extremely quickly. (Speed+++)


Message History

The shadow imp is moderately wounded.
The shadow imp hits you.
You hit the shadow imp but do no damage.
The shadow imp is moderately wounded.
You closely miss the shadow imp.
The shadow imp is moderately wounded.
The shadow imp completely misses you.
You closely miss the shadow imp.
The shadow imp is moderately wounded.
The shadow imp hits you but does no damage.
You hit the shadow imp.
The shadow imp is heavily wounded.
The shadow imp completely misses you.
You closely miss the shadow imp.
The shadow imp is heavily wounded.
The shadow imp barely misses you.
You barely miss the shadow imp.
The shadow imp is heavily wounded.
The shadow imp barely misses you.
You hit the shadow imp but do no damage.
The shadow imp is heavily wounded.
The shadow imp barely misses you.
You closely miss the shadow imp.
The shadow imp is heavily wounded.
The shadow imp misses you.
You hit the shadow imp but do no damage.
The shadow imp is heavily wounded.
You hit the shadow imp.
The shadow imp is severely wounded.
The shadow imp closely misses you.
You hit the shadow imp but do no damage.
The shadow imp is severely wounded.
The shadow imp misses you.
You hit the shadow imp but do no damage.
The shadow imp is severely wounded.
The shadow imp puffs mist at you. The shadow imp gestures at you.
Pain shoots through your body!
Ouch! That really hurt!
You die...

#. #####.#......# #.#
#............#
##..#####............#
........#.......)....#
........#......#######
...............#
...)...........#
.........#######
.......@.# .......5.#
.........# .........#
.........# .........#
#######.## #.#


You could see a shadow imp.

Vanquished Creatures
  A jackal (D:4)
  A quokka (D:1)
  A bat (D:1)
  A rat (D:1)
4 creatures vanquished.

Notes
Turn   | Place    | Note
-------+----------+-------------------------------------------
     0 | D:1      | Bravepunisher the Spriggan Monk began the quest for the
                  | Orb.
     0 | D:1      | Reached XP level 1. HP: 11/11 MP: 2/2
   238 | D:4      | Noticed an orc wizard
   256 | D:5      | Entered Level 5 of the Dungeon
   270 | D:5      | Found a shimmering blue altar of Sif Muna.
   272 | D:5      | Noticed a black bear
   339 | D:5      | Noticed a scorpion
   361 | D:5      | Noticed a phantom
   368 | D:5      | Noticed a howler monkey
   411 | D:7      | Noticed an orc priest
   411 | D:7      | Noticed an orc wizard
   474 | D:6      | Killed from afar by a shadow imp

Illustrated notes

Levels and vault maps discovered:
D:1:      elethiomel_arrival_fortress_basement, layout_loops_ring
D:2:      layout_loops_cross, hellmonk_ecumenical_altar_pennies_from_heaven
D:3:      layout_rooms, feat_on_display
D:4:      minmay_opposing_rooms, layout_gridville
D:5:      layout_basic, mainiacjoe_overflow_surrounded_room,
          portal_sewer_entry_a
D:6:      layout_basic, minmay_increasing_density
D:7:      layout_basic, zin_treasury, cheibriados_altar_1,
          minmay_temple_entry_butterflies

Action                     || total
---------------------------++-------
  Melee: Short sword       ||    32
 Armour: Robe              ||     8
  Dodge: Dodged            ||    29

Table legend: (Time is in decaauts)
 A = Elapsed time spent in this place.
 B = Non-inter-level travel time spent in this place.
 C = Inter-level travel time spent in this place.
 D = Time resting spent in this place.
 E = Time spent auto-exploring this place.
 F = Levels seen in this place.
 G = Mean time per level.
                   A        B        C        D        E       F      G
               +--------+--------+--------+--------+--------+-----+--------+
         Total |    307 |    307 |      0 |      0 |    103 |   7 |   43.9 |
       Dungeon |    307 |    307 |      0 |      0 |    103 |   7 |   43.9 |
               +--------+--------+--------+--------+--------+-----+--------+

Top non-repeatable levels by time:
     D:1: 116 daAuts
     D:5: 73 daAuts
     D:6: 33 daAuts
     D:7: 32 daAuts
     D:4: 30 daAuts
     D:2: 12 daAuts
     D:3: 8 daAuts
